 Dungeon Crawl Stone Soup version 0.30.0-5-g1a98f26d00 (webtiles) character file.

Game seed: 10934623379478922278

41 hawla the Firebug (level 4, -1/34 HPs)
             Began as a Meteoran Fire Elementalist on May 11, 2023.
             Slain by an adder (4 damage)
             ... on level 3 of the Dungeon.
             The game lasted 00:01:53 (265 turns).

hawla the Firebug (Meteoran Fire Elementalist)       Turns: 265, Time: 00:01:54

Health: -1/34      AC:  2    Str:  9    XL:     4   Next: 1%
Magic:  0/9        EV: 13    Int: 19    God:
Gold:   13         SH:  0    Dex: 14    Spells: 6/9 levels left

rFire   . . .        (no weapon)
rCold   . . .        (no shield)
rNeg    . . .        a - +0 robe
rPois   .            (no helmet)
rElec   .            (no cloak)
rCorr   .            (no gloves)
SInv    .            (no boots)
Will    .....        (no amulet)
Stlth   +            (no ring)
HPRegen 0.25/turn    (no ring)
MPRegen 0.11/turn

%: no passive effects
@: glowing
A: sense surroundings 1, otherworldly, glowing, explore regen
a: no special abilities


You were on level 3 of the Dungeon.
You visited 1 branch of the dungeon, and saw 3 of its levels.

You collected 13 gold pieces.

Inventory:

Armour
 a - a +0 robe (worn)
Scrolls
 c - a scroll of vulnerability {unknown}
 d - a scroll of identify {unknown}


   Skills:
 + Level 0.4 Fighting
 + Level 2.9 Dodging
 - Level 1.4 Stealth
 + Level 3.2 Spellcasting
 + Level 1.5 Conjurations
 + Level 4.5 Fire Magic


You had 6 spell levels left.
You knew the following spells:

 Your Spells              Type           Power      Damage    Failure   Level
a - Foxfire               Conj/Fire      56%        2x1d6     4%          1
b - Scorch                Fire           40%        2d7       3%          2

Your spell library contained the following spells:

 Spells                   Type           Power      Damage    Failure   Level
 Inner Flame              Hex/Fire       11%        N/A       17%         3
 Volatile Blastmotes      Fire/Tloc      22%        2d11      17%         3
 Flame Wave               Conj/Fire      14%        2d6       38%         4
 Fulminant Prism          Conj/Hex       2%         3d5       73%         4
 Iskenderun's Mystic Bla  Conj/Tloc      5%         2d3       73%         4
 Lee's Rapid Deconstruct  Erth           1%         3d4*      99%         5


Dungeon Overview and Level Annotations

Branches:
Dungeon (3/15) Zot: 1535

Altars:


Innate Abilities, Weirdness & Mutations

You passively map a small area around you.
You are easily found by Zot.
You glow in the dark.
You regain HP and MP as you explore.


Message History

The adder's fire resistance burns away.
The iguana is no longer more vulnerable to fire.
The iguana closely misses you.
Casting: Scorch (safe; 5% risk of failure)
Confirm with . or Enter, or press ? or * to list all spells.
Flames lash the iguana.
You kill the iguana!
The adder bites you.
* * * LOW HITPOINT WARNING * * *
Your Spellcasting skill increases to level 3!
You have reached level 3!
Your experience leads to an increase in your attributes!
Increase (S)trength, (I)ntelligence, or (D)exterity?
You feel clever. x3
You have reached level 4!
Casting: Scorch (safe; 3% risk of failure)
Confirm with . or Enter, or press ? or * to list all spells.
You miscast Scorch.
You are very lightly contaminated with residual magic.
Nothing appears to happen.
The adder closely misses you.
Unknown command.
Casting: Scorch (safe; 3% risk of failure)
Confirm with . or Enter, or press ? or * to list all spells.
You conjure some foxfire!
The adder is no longer more vulnerable to fire.
The adder bites you.
* * * LOW HITPOINT WARNING * * *
The adder closely misses you.
The foxfire hits the adder.
The adder is heavily wounded.
The foxfire hits the adder.
The adder is almost dead.
The adder misses you. The adder barely misses you.
The adder attacks as you move away! The adder bites you.
* * * LOW HITPOINT WARNING * * *
The adder bites you.
* * * LOW HITPOINT WARNING * * *
Your magical contamination has completely faded away.
The adder attacks as you move away! The adder bites you.
You die...

* ** .# ...
#..,...., *
#.#...... *
#.#...... , * ,
######.#...... **
* ##...##........
, *
##........#.....
,,
#........#.(....,,
#...@......# # ,*
#....S...###
*##.......# ,
#........### * *
** .#.....†....# ,
* * #......<.#..#*
* ##......##...# ,
* ##.......>..# *
, ########.#... ,
, ,


You could see an adder.

Vanquished Creatures
  An iguana (D:3)
  A dart slug (D:2)
  2 endoplasms (D:3)
  A giant cockroach (D:2)
  A hobgoblin (D:3)
  2 kobolds (D:2)
  2 quokkas (D:2)
  A ball python (D:2)
  2 rats
13 creatures vanquished.

Vanquished Creatures (others)
  38 foxfires
38 creatures vanquished.

Grand Total: 51 creatures vanquished

Notes
Turn   | Place    | Note
-------+----------+-------------------------------------------
     0 | D:1      | hawla the Meteoran Fire Elementalist began the quest for
                  | the Orb.
     0 | D:1      | Reached XP level 1. HP: 14/14 MP: 5/5
    23 | D:2      | Reached XP level 2. HP: 17/20 MP: 0/6
    26 | D:2      | Learned a level 2 spell: Scorch
   217 | D:3      | Reached skill level 4 in Fire Magic
   257 | D:3      | Reached XP level 3. HP: 4/27 MP: 3/8
   257 | D:3      | Reached XP level 4. HP: 6/34 MP: 3/9
   265 | D:3      | Slain by an adder

Illustrated notes

Levels and vault maps discovered:
D:1:      amcnicky_arrival_gap_in_the_tavern_cellar, layout_basic
D:2:      layout_basic, minmay_misc_feat_doors, uniq_sigmund, uniq_robin
D:3:      layout_rooms, palyth_temple_overflow_mages,
          chequers_temple_overflow_statue_of_worship, serial_shops,
          nicolae_shop_industrial_runoff, grunt_ministairs_15,
          dk_noncrumbling_3, minmay_fractal_squares_5

Skill      XL: |  1  2 |
---------------+-------+-----
Fire Magic     | 4 |  4.5
Spellcasting   | 3 |  3.2
Fighting       | |  0.4
Dodging        | |  2.9
Stealth        | |  1.4
Conjurations   | |  1.5

Action                     |  1- 3 |  4- 6 || total
---------------------------+-------+-------++-------
  Melee: Unarmed           |    12 |       ||    12
   Cast: Foxfire           |    23 |     1 ||    24
         Scorch            |     4 |       ||     4
    Use: Potion            |     1 |       ||     1
  Dodge: Dodged            |     9 |     4 ||    13
